General information
- name: BNet
- type: Ladder team game (AT/RT)
- host: Battle.net
- saver: fluffy.bunny.
map: Battleground
- players: 8
- length: 38:43
- speed: Fast
- version: 1.26 W3XP
- replay type: Public
» download(215 KB)
Players
team 1 (loser)

»
Illidian_NightE (
orange | 41 APM | 1023 actions | 25:08)
5 Dark Ranger
3 Black Arrow
2 Life Drain
» actions
| Assign group hotkey | 28 | |
| Basic commands | 12 | |
| Build / train | 51 | |
| Enter build submenu | 19 | |
| Enter hero's abilities submenu | 5 | |
| Right click | 473 | |
| Select / deselect | 235 | |
| Select group hotkey | 166 | |
| Use ability | 34 | |
1023 total
» units
| Acolyte | 4 | |
| Ghoul | 5 | |
| Crypt Fiend | 19 | |
| Frost Wyrm | 1 | |
| Obsidian Statue | 2 | |
31 total
» upgrades
| Creature Attack | 3 | |
| Web | 1 | |
| Burrow | 1 | |
| Freezing Breath | 1 | |
| Creature Carapace | 1 | |
7 total
» buildings
| Altar of Darkness | 1 | |
| Crypt | 2 | |
| Ziggurat | 7 | |
| Graveyard | 1 | |
| Nerubian Tower | 1 | |
| Halls of the Dead | 1 | |
| Spirit Tower | 2 | |
| Black Citadel | 1 | |
| Sacrificial Pit | 1 | |
| Tomb of Relics | 1 | |
| Boneyard | 2 | |
| Slaughterhouse | 1 | |
21 total
» build order
00:13 Altar of Darkness
00:19 Crypt
00:47 Ziggurat
01:04 Ziggurat
01:23 Graveyard
01:43 Nerubian Tower
02:46 Halls of the Dead
03:07 Spirit Tower
04:18 Crypt
05:22 Black Citadel
05:27 Sacrificial Pit
05:41 Tomb of Relics
05:49 Ziggurat
06:07 Ziggurat
07:44 Boneyard
07:55 Boneyard
08:36 Ziggurat
10:18 Spirit Tower
10:42 Ziggurat
14:52 Slaughterhouse
19:59 Ziggurat
» items
STABBERONURTEAM (
green | 59 APM | 2292 actions | 38:41)
9 Mountain King
3 Storm Bolt
3 Bash
1 Avatar
2 Thunder Clap
» actions
| Assign group hotkey | 140 | |
| Basic commands | 110 | |
| Build / train | 78 | |
| Enter build submenu | 25 | |
| Enter hero's abilities submenu | 10 | |
| Give item / drop item | 2 | |
| Remove unit from queue | 6 | |
| Right click | 1152 | |
| Select / deselect | 398 | |
| Select group hotkey | 294 | |
| Use ability | 77 | |
2292 total
» units
| Peasant | 8 | |
| Footman | 10 | |
| Forest Troll Shadow Priest | 1 | |
| Gryphon Rider | 23 | |
42 total
» upgrades
| Masonry | 3 | |
| Swords | 3 | |
| Storm Hammers | 1 | |
| Animal War Training | 1 | |
| Armor | 2 | |
10 total
» buildings
| Altar of Kings | 1 | |
| Barracks | 1 | |
| Farm | 12 | |
| Arcane Vault | 1 | |
| Keep | 1 | |
| Lumber Mill | 1 | |
| Scout Tower | 5 | |
| Arcane Tower | 1 | |
| Blacksmith | 1 | |
| Castle | 1 | |
| Gryphon Aviary | 2 | |
| Guard Tower | 5 | |
32 total
» build order
00:04 Altar of Kings
00:08 Barracks
00:13 Farm
01:33 Farm
02:32 Farm
02:52 Arcane Vault
03:53 Keep
04:11 Lumber Mill
04:42 Farm
04:48 Scout Tower
05:40 Arcane Tower
05:48 Blacksmith
06:16 Castle
06:25 Gryphon Aviary
06:30 Gryphon Aviary
07:23 Farm
10:28 Farm
11:02 Farm
18:06 Farm
21:11 Farm
21:49 Farm
23:47 Scout Tower
23:48 Scout Tower
24:48 Guard Tower
24:48 Guard Tower
24:51 Scout Tower
24:52 Scout Tower
25:10 Farm
25:52 Guard Tower
25:53 Guard Tower
27:05 Farm
» items
| Boots of Speed | 1 | |
| Orb of Fire | 1 | |
| Scroll of Regeneration | 1 | |
| Potion of Mana | 1 | |
4 total

»
Phaolin (
blue | 42 APM | 1002 actions | 23:50)
5 Demon Hunter
1 Immolation
2 Evasion
2 Mana Burn
5 Priestess of the Moon
3 Trueshot Aura
2 Searing Arrows
» actions
| Assign group hotkey | 3 | |
| Basic commands | 163 | |
| Build / train | 59 | |
| Enter build submenu | 15 | |
| Enter hero's abilities submenu | 10 | |
| Give item / drop item | 1 | |
| Right click | 425 | |
| Select / deselect | 288 | |
| Select group hotkey | 5 | |
| Use ability | 33 | |
1002 total
» units
| Wisp | 10 | |
| Huntress | 6 | |
| Archer | 8 | |
| Dryad | 8 | |
32 total
» upgrades
| Strength of the Moon | 3 | |
| Moon Armor | 3 | |
| Ultravision | 2 | |
| Improved Bows | 1 | |
| Abolish Magic | 1 | |
| Marksmanship | 1 | |
| Upgrade Moon Glaive | 1 | |
12 total
» buildings
| Altar of Elders | 1 | |
| Moon Well | 7 | |
| Hunter's Hall | 1 | |
| Ancient of War | 2 | |
| Tree of Ages | 1 | |
| Ancient of Lore | 1 | |
| Tree of Eternity | 1 | |
| Ancient of Wind | 2 | |
16 total
» build order
00:19 Altar of Elders
00:26 Moon Well
01:41 Hunter's Hall
02:05 Ancient of War
02:25 Moon Well
03:27 Ancient of War
03:32 Moon Well
04:35 Moon Well
04:40 Tree of Ages
05:51 Moon Well
07:33 Ancient of Lore
09:39 Tree of Eternity
14:40 Moon Well
14:44 Moon Well
20:17 Ancient of Wind
20:23 Ancient of Wind
» items

»
Parabolica (
purple | 56 APM | 1317 actions | 23:25)
4 Dreadlord
2 Vampiric Aura
2 Sleep
5 Crypt Lord
2 Impale
3 Spiked Carapace
» actions
| Assign group hotkey | 13 | |
| Basic commands | 2 | |
| Build / train | 81 | |
| Enter build submenu | 18 | |
| Enter hero's abilities submenu | 9 | |
| Give item / drop item | 4 | |
| Remove unit from queue | 2 | |
| Right click | 363 | |
| Select / deselect | 315 | |
| Select group hotkey | 449 | |
| Use ability | 61 | |
1317 total
» units
| Acolyte | 9 | |
| Ghoul | 7 | |
| Obsidian Statue | 5 | |
| Abomination | 5 | |
| Gargoyle | 12 | |
38 total
» upgrades
| Unholy Strength | 2 | |
| Unholy Armor | 2 | |
| Cannibalize | 1 | |
| Disease Cloud | 1 | |
| Ghoul Frenzy | 1 | |
| Stone Form | 0 | |
| Creature Attack | 1 | |
8 total
» buildings
| Altar of Darkness | 1 | |
| Ziggurat | 7 | |
| Crypt | 1 | |
| Graveyard | 1 | |
| Tomb of Relics | 1 | |
| Nerubian Tower | 1 | |
| Halls of the Dead | 1 | |
| Spirit Tower | 2 | |
| Black Citadel | 1 | |
| Slaughterhouse | 2 | |
18 total
» build order
00:54 Altar of Darkness
00:56 Ziggurat
01:03 Crypt
01:09 Ziggurat
01:19 Graveyard
01:34 Tomb of Relics
02:05 Nerubian Tower
04:22 Halls of the Dead
04:43 Spirit Tower
05:56 Ziggurat
06:54 Black Citadel
06:58 Slaughterhouse
07:14 Slaughterhouse
08:57 Ziggurat
09:24 Ziggurat
12:54 Ziggurat
17:23 Ziggurat
17:25 Spirit Tower
» items
| Rod of Necromancy | 1 | |
| Circlet of Nobility | 1 | |
| Staff of Teleportation | 2 | |
| Scroll of Town Portal | 2 | |
| Orb of Corruption | 1 | |
| Scroll of Protection | 1 | |
| Potion of Healing | 1 | |
| Potion of Mana | 1 | |
10 total
team 2 (winner)
VitaminWater (
pink | 46 APM | 1455 actions | 31:36)
4 Keeper of the Grove
2 Entangling Roots
2 Thorns Aura
6 Demon Hunter
2 Immolation
3 Evasion
1 Metamorphosis
4 Priestess of the Moon
2 Trueshot Aura
2 Searing Arrows
» actions
| Basic commands | 1 | |
| Build / train | 80 | |
| Enter build submenu | 21 | |
| Enter hero's abilities submenu | 14 | |
| Give item / drop item | 6 | |
| Remove unit from queue | 2 | |
| Right click | 829 | |
| Select / deselect | 433 | |
| Use ability | 69 | |
1455 total
» units
| Wisp | 18 | |
| Archer | 4 | |
| Huntress | 4 | |
| Forest Troll Shadow Priest | 1 | |
| Druid of the Talon | 10 | |
| Shaman | 2 | |
| Chimaera | 8 | |
47 total
» upgrades
| Strength of the Wild | 3 | |
| Reinforced Hides | 3 | |
| Druid of the Talon Training | 1 | |
| Corrosive Breath | 1 | |
| Well Spring | 1 | |
9 total
» buildings
| Altar of Elders | 2 | |
| Moon Well | 9 | |
| Ancient of War | 1 | |
| Hunter's Hall | 1 | |
| Ancient of Wonders | 1 | |
| Ancient Protector | 1 | |
| Tree of Ages | 1 | |
| Tree of Eternity | 1 | |
| Ancient of Wind | 1 | |
| Chimaera Roost | 2 | |
| Tree of Life | 1 | |
21 total
» build order
00:35 Altar of Elders
00:41 Moon Well
00:45 Moon Well
00:58 Ancient of War
01:59 Moon Well
02:54 Moon Well
02:57 Hunter's Hall
03:30 Ancient of Wonders
03:56 Moon Well
04:35 Ancient Protector
04:57 Tree of Ages
08:03 Tree of Eternity
08:08 Ancient of Wind
08:16 Moon Well
09:15 Moon Well
12:43 Chimaera Roost
12:45 Chimaera Roost
13:14 Moon Well
15:01 Tree of Life
22:18 Moon Well
28:17 Altar of Elders
» items
| Scroll of Regeneration | 1 | |
| Lesser Clarity Potion | 1 | |
| Orb of Venom | 1 | |
| Scroll of Town Portal | 1 | |
4 total
alwaysnoobteam (
teal | 44 APM | 1701 actions | 38:41)
5 Keeper of the Grove
2 Entangling Roots
1 Thorns Aura
2 Force of Nature
3 Blademaster
1 Bladestorm
1 Critical Strike
1 Mirror Image
» actions
| Basic commands | 12 | |
| Build / train | 63 | |
| Enter build submenu | 18 | |
| Enter hero's abilities submenu | 8 | |
| Give item / drop item | 2 | |
| Right click | 1176 | |
| Select / deselect | 349 | |
| Use ability | 72 | |
1701 total
» units
| Wisp | 12 | |
| Huntress | 4 | |
| Archer | 4 | |
| Hippogryph | 5 | |
| Chimaera | 8 | |
| Wind Rider | 7 | |
40 total
» upgrades
| Strength of the Wild | 3 | |
| Reinforced Hides | 2 | |
| Corrosive Breath | 1 | |
| Ranged Weapons | 1 | |
| Armor | 1 | |
8 total
» buildings
| Moon Well | 7 | |
| Altar of Elders | 1 | |
| Hunter's Hall | 1 | |
| Ancient of War | 2 | |
| Tree of Ages | 3 | |
| Tree of Eternity | 1 | |
| Ancient of Wind | 1 | |
| Chimaera Roost | 2 | |
| Orc Burrow | 2 | |
20 total
» build order
00:21 Moon Well
00:36 Altar of Elders
01:21 Moon Well
01:50 Hunter's Hall
02:20 Ancient of War
02:23 Ancient of War
03:02 Moon Well
04:07 Moon Well
05:00 Tree of Ages
05:01 Tree of Ages
07:39 Moon Well
08:02 Tree of Eternity
08:17 Ancient of Wind
08:58 Moon Well
10:36 Chimaera Roost
10:41 Chimaera Roost
19:42 Orc Burrow
20:02 Orc Burrow
32:41 Moon Well
» items
fluffy.bunny. (
red | 67 APM | 2603 actions | 38:43)
7 Paladin
3 Divine Shield
3 Holy Light
1 Resurrection
» actions
| Assign group hotkey | 33 | |
| Basic commands | 123 | |
| Build / train | 67 | |
| Enter build submenu | 12 | |
| Enter hero's abilities submenu | 7 | |
| Give item / drop item | 2 | |
| Right click | 1426 | |
| Select / deselect | 195 | |
| Select group hotkey | 620 | |
| Use ability | 116 | |
2603 total
» units
| Peasant | 8 | |
| Gryphon Rider | 13 | |
| Wind Rider | 5 | |
| Shaman | 3 | |
29 total
» upgrades
| Masonry | 2 | |
| Lumber Harvesting | 1 | |
| Storm Hammers | 1 | |
4 total
» buildings
| Altar of Kings | 1 | |
| Farm | 12 | |
| Scout Tower | 1 | |
| Keep | 1 | |
| Lumber Mill | 1 | |
| Arcane Tower | 1 | |
| Arcane Vault | 1 | |
| Castle | 2 | |
| Gryphon Aviary | 2 | |
| Town Hall | 1 | |
23 total
» build order
00:16 Altar of Kings
00:23 Farm
01:37 Farm
02:06 Scout Tower
02:14 Keep
02:19 Lumber Mill
02:36 Arcane Tower
02:40 Farm
02:40 Farm
02:41 Farm
02:42 Farm
02:42 Farm
02:43 Farm
03:33 Arcane Vault
04:49 Castle
04:50 Castle
05:06 Gryphon Aviary
05:54 Gryphon Aviary
06:02 Farm
15:03 Farm
15:03 Farm
22:37 Town Hall
» items
| Staff of Teleportation | 1 | |
| Boots of Speed | 1 | |
| Potion of Lesser Invulnerability | 2 | |
| Scroll of Regeneration | 6 | |
| Orb of Fire | 1 | |
| Lesser Clarity Potion | 3 | |
| Scroll of Town Portal | 5 | |
| Potion of Invisibility | 1 | |
| Dust of Appearance | 1 | |
21 total

»
goodjudgement (
yellow | 63 APM | 886 actions | 14:05)
5 Blademaster
3 Wind Walk
2 Critical Strike
» actions
| Assign group hotkey | 16 | |
| Basic commands | 11 | |
| Build / train | 64 | |
| ESC pressed | 6 | |
| Enter build submenu | 16 | |
| Enter hero's abilities submenu | 5 | |
| Give item / drop item | 1 | |
| Right click | 436 | |
| Select / deselect | 195 | |
| Select group hotkey | 55 | |
| Use ability | 81 | |
886 total
» units
| Peon | 11 | |
| Wind Rider | 5 | |
| Shaman | 7 | |
| Troll Witch Doctor | 1 | |
24 total
» upgrades
| Ranged Weapons | 2 | |
| Armor | 1 | |
| Envenomed Spears | 1 | |
| Shaman Training | 2 | |
| Reinforced Defenses | 1 | |
7 total
» buildings
| Altar of Storms | 1 | |
| Orc Burrow | 6 | |
| War Mill | 1 | |
| Voodoo Lounge | 1 | |
| Stronghold | 3 | |
| Watch Tower | 2 | |
| Fortress | 2 | |
| Spirit Lodge | 1 | |
| Beastiary | 2 | |
19 total
» build order
00:09 Altar of Storms
00:15 Orc Burrow
00:54 War Mill
01:08 Voodoo Lounge
02:29 Stronghold
02:29 Stronghold
02:45 Watch Tower
03:12 Watch Tower
04:42 Orc Burrow
05:10 Fortress
05:10 Fortress
05:13 Spirit Lodge
05:46 Orc Burrow
05:50 Beastiary
05:54 Beastiary
06:53 Orc Burrow
08:14 Orc Burrow
09:45 Orc Burrow
» items
| Healing Salve | 4 | |
| Lesser Clarity Potion | 8 | |
| Periapt of Vitality | 1 | |
| Orb of Lightning | 3 | |
16 total
Chat log
(01:18 / All) fluffy.bunny.: u watch mike and molly
(01:20 / All) fluffy.bunny.: or justified
(01:23 / All) STABBERONURTEAM: no
(01:32 / All) Phaolin: mike and molly yes
(01:49 / All) fluffy.bunny.: mike and molly is good because the parents are hilarious
(01:57 / All) Phaolin: yep
(02:05 / All) Illidian_NightE: yeahhh POOOPPP!
(02:14 / All) VitaminWater: PENIS PENIS PENIS
(02:16 / All) goodjudgement: green u good
(02:17 / All) STABBERONURTEAM: you have a poop fetish?
(02:17 / Allies) goodjudgement: ?
(02:21 / All) goodjudgement: ?
(02:24 / All) STABBERONURTEAM: I am a professional sc2 player
(02:25 / All) STABBERONURTEAM: formerly
(02:26 / All) STABBERONURTEAM: so yes
(03:17 / All) fluffy.bunny.: creep i will follow u
(03:23 / All) STABBERONURTEAM: k
(04:08 / All) goodjudgement: um
(04:09 / All) goodjudgement: red
(04:11 / All) goodjudgement: green
(04:13 / All) goodjudgement: ?
(04:17 / All) STABBERONURTEAM: red green show?
(04:19 / All) fluffy.bunny.: we're lovers
(06:16 / All) fluffy.bunny.: wood
(11:01 / All) fluffy.bunny.: stay pink
(11:02 / All) fluffy.bunny.: im coming
(12:44 / All) fluffy.bunny.: \/r com
(13:44 / All) STABBERONURTEAM: thanks for the free xp, yellow
(13:54 / All) goodjudgement: red bsed me
(13:55 / All) goodjudgement: thats why
(14:04 / All) goodjudgement: enjoy unfair win
(14:05 / All) STABBERONURTEAM: that's why you give free experience to your enemies?
(14:10 / All) fluffy.bunny.: lawl
(14:21 / Allies) alwaysnoobteam: wtf
(14:25 / Allies) alwaysnoobteam: we are way ahead
(14:26 / All) fluffy.bunny.: we got this
(14:38 / All) fluffy.bunny.: meet
(15:49 / All) fluffy.bunny.: help teal
(16:28 / All) Phaolin: i fucking hate you gay ass pro green
(16:34 / All) Phaolin: notkilling red wtf
(18:10 / Allies) alwaysnoobteam: noob team for teal though
(18:50 / Allies) alwaysnoobteam: i got yellow
(19:01 / Allies) VitaminWater: MEET
(19:35 / Allies) VitaminWater: send yellow here
(19:44 / Allies) alwaysnoobteam: relax
(20:30 / All) fluffy.bunny.: \/r get away
(20:45 / Allies) alwaysnoobteam: wait till they move
(20:50 / Allies) alwaysnoobteam: wait
(21:06 / All) Illidian_NightE: wow
(21:09 / All) Illidian_NightE: green tking
(21:12 / All) Illidian_NightE: fucktard
(21:19 / All) STABBERONURTEAM: because you are bad
(21:21 / All) STABBERONURTEAM: out of my elague
(21:37 / All) Illidian_NightE: you're not a pro, your jsut some obese ass kid that lives in his moms basement
(21:46 / All) STABBERONURTEAM: :???????????
(22:05 / All) Phaolin: i hate green what a dick
(22:17 / All) Phaolin: why wont you help kill rd pro
(22:18 / All) STABBERONURTEAM: thanks!
(22:21 / All) Illidian_NightE: thats keepin it real nigga
(22:25 / All) Phaolin: lol
(22:28 / All) Phaolin: true that
(22:31 / All) Illidian_NightE: living in his mommas basement ass nigga
(22:32 / All) fluffy.bunny.: i need this exo pink
(22:37 / Allies) alwaysnoobteam: wtf
(22:37 / All) Phaolin: its annoying but funny
(22:38 / Allies) alwaysnoobteam: lol
(22:48 / All) Illidian_NightE: obese as hell eating twinkies as he wipes his ass with the wrapper
(23:01 / All) Illidian_NightE: crazy looking nigga who didn't get attention as a child
(23:03 / All) STABBERONURTEAM: kinda reminds me of you
(23:07 / All) Illidian_NightE: so the only way to get attention
(23:11 / All) Illidian_NightE: is to play an online game
(23:14 / All) Illidian_NightE: and kill his team
(23:19 / All) Illidian_NightE: maybe thne someone will notice him
(23:25 / All) STABBERONURTEAM: I know :(
(23:34 / All) Illidian_NightE: and give him some much needed attention that keeps him slightly sane everyday
(23:41 / All) Phaolin: god damn
(23:43 / Allies) alwaysnoobteam: lol
(23:43 / All) Illidian_NightE: instead of tweaking over the edge and asking himself
(23:44 / Allies) VitaminWater: red wtF?
(23:46 / All) Illidian_NightE: why he exists
(23:52 / Allies) alwaysnoobteam: lol
(23:52 / All) STABBERONURTEAM: exactly
(23:53 / All) STABBERONURTEAM: :(
(24:00 / Allies) alwaysnoobteam: can i have 100 gold plz
(24:01 / Allies) VitaminWater: red wtf
(24:05 / Allies) VitaminWater: r u doing
(24:06 / All) Illidian_NightE: i would say good game
(24:11 / All) Illidian_NightE: but nah nigga
(24:13 / All) Illidian_NightE: thas real
(24:25 / All) STABBERONURTEAM: only as real as your facial transplant
(24:26 / All) STABBERONURTEAM: :(
(24:50 / All) fluffy.bunny.: thanks teal
(25:01 / Allies) alwaysnoobteam: yw
(25:17 / Allies) VitaminWater: red ur gay
(25:20 / Allies) alwaysnoobteam: lol feed
(25:39 / All) fluffy.bunny.: middle left
(26:07 / All) fluffy.bunny.: i got yellow
(26:12 / Allies) alwaysnoobteam: no
(26:17 / All) fluffy.bunny.: we're gonna kill green
(26:36 / Allies) alwaysnoobteam: stop
(27:12 / Allies) alwaysnoobteam: im nit gomnna stiop
(27:29 / Allies) alwaysnoobteam: hope u like losing
(28:24 / All) fluffy.bunny.: WTF ARE U DOING
(28:24 / Allies) alwaysnoobteam: wtf red
(28:28 / All) fluffy.bunny.: IM MOVING YHELLOW FOR U
(28:30 / All) fluffy.bunny.: GET UR ASS TO UR BASE
(28:38 / Allies) alwaysnoobteam: i control
(28:43 / Allies) alwaysnoobteam: wtf is ur deal man
(28:55 / Allies) alwaysnoobteam: awesome well done
(28:56 / Allies) alwaysnoobteam: noob
(29:07 / All) STABBERONURTEAM: wow 2 levels
(29:10 / All) STABBERONURTEAM: level 10
(29:12 / All) STABBERONURTEAM: awwww right
(29:13 / All) fluffy.bunny.: PINKS BASE LAWL
(29:16 / All) fluffy.bunny.: he has only chims
(29:16 / All) fluffy.bunny.: come
(29:22 / All) alwaysnoobteam: red is a ass hole
(29:28 / All) STABBERONURTEAM: coming
(29:29 / All) alwaysnoobteam: he just fed all yellows units
(30:07 / All) alwaysnoobteam: why red?
(30:11 / All) alwaysnoobteam: why u do that
(30:11 / Allies) VitaminWater: red what is ur deal man?
(30:24 / All) STABBERONURTEAM: because you blow the vaginas of squirrels all day long
(30:26 / All) alwaysnoobteam: well done
(30:32 / All) fluffy.bunny.: successful
(31:00 / All) alwaysnoobteam: why red
(31:06 / All) alwaysnoobteam: ive been nothing but nice to you
(31:17 / All) fluffy.bunny.: im sorry teal
(31:19 / All) fluffy.bunny.: nothing personal
(31:26 / All) fluffy.bunny.: me and green are friends, we dont want anybody to win
(31:28 / All) alwaysnoobteam: lol ok well can i ask a favor
(31:40 / All) alwaysnoobteam: can i contol bm of yellow
(31:45 / All) STABBERONURTEAM: drink more vitamin water
(31:46 / All) STABBERONURTEAM: ho
(31:47 / All) fluffy.bunny.: we're gonna end game
(32:02 / All) alwaysnoobteam: ur gonna let him win?
(32:11 / All) fluffy.bunny.: Uh i need to stats him
(32:30 / All) alwaysnoobteam: lol
(32:41 / All) STABBERONURTEAM: MY HERO IS LEVEL 10 I AM GOD
(32:52 / All) fluffy.bunny.: my pally can take u
(32:54 / All) fluffy.bunny.: dont use spells
(32:55 / All) alwaysnoobteam: hes lvl one
(33:26 / All) alwaysnoobteam: cool man
(33:28 / All) alwaysnoobteam: well done
(33:43 / All) fluffy.bunny.: teal u need to leave man, this has to be boring
(33:53 / All) STABBERONURTEAM: invulnerable ho
(33:58 / All) alwaysnoobteam: oim good ill be here till its over
(34:42 / All) STABBERONURTEAM: I'll send ghoul food
(35:45 / All) fluffy.bunny.: ten farms left
(35:45 / All) STABBERONURTEAM: only the MK can wear two sets of boots
(36:02 / All) STABBERONURTEAM: hero duel
(36:25 / All) alwaysnoobteam: i love little cunts that think there coo.l
(36:28 / All) alwaysnoobteam: stfu
(36:29 / All) STABBERONURTEAM: me too
(36:34 / All) alwaysnoobteam: green what are u 12
(36:39 / All) STABBERONURTEAM: No
(36:40 / All) STABBERONURTEAM: I love cunts
(36:43 / All) STABBERONURTEAM: 12 yr olds dont
(36:49 / All) alwaysnoobteam: then u love yourself
(36:54 / All) STABBERONURTEAM: yes I do
(36:58 / All) STABBERONURTEAM: bro
(36:58 / All) alwaysnoobteam: a cunt
(37:03 / All) STABBERONURTEAM: brosepheim
(37:06 / All) alwaysnoobteam: just like cunt red noob red
(37:09 / All) alwaysnoobteam: fucking tool
(37:17 / All) STABBERONURTEAM: we're nto the noobs that lost
(37:18 / All) STABBERONURTEAM: 1v3
(37:28 / All) alwaysnoobteam: 1v3
(37:32 / All) STABBERONURTEAM: yes
(37:35 / All) STABBERONURTEAM: 1v3 me against my team
(37:36 / All) alwaysnoobteam: it was 5 vs 3
(37:39 / All) STABBERONURTEAM: you were all nooblets
(37:43 / All) alwaysnoobteam: red fucked us idiot
(37:49 / All) STABBERONURTEAM: hjard
(37:52 / All) STABBERONURTEAM: up the bum
(37:54 / All) alwaysnoobteam: im better than u mass gryph bs
(38:02 / All) STABBERONURTEAM: so good you lost to it
(38:10 / All) alwaysnoobteam: yea i lost to it
(38:18 / All) STABBERONURTEAM: because you suck at this game
(38:20 / All) STABBERONURTEAM: and at life
(38:23 / All) alwaysnoobteam: not red fucked us noob shit cunt
(38:29 / All) STABBERONURTEAM: highper.ch
(38:31 / All) STABBERONURTEAM: the replay
(38:34 / All) fluffy.bunny.: green backstabbed too
(38:34 / All) STABBERONURTEAM: so we can all laugh at you